 Dungeon Crawl Stone Soup version 0.30-a0-469-g84de5afbc5 (webtiles) character file.

Game seed: 2422273235892793422

16713 tsouns the Grappler (level 12, -10/128 HPs)
             Began as a Troll Warper on Dec 19, 2022.
             Was a High Priest of Qazlal.
             Mangled by a minotaur
             ... wielding a +0 glaive of venom
              (31 damage)
             ... in a Gauntlet.
             The game lasted 00:21:24 (9691 turns).

tsouns the Grappler (Troll Warper)                  Turns: 9691, Time: 00:21:24

Health: -10/128    AC: 12    Str: 18    XL:     12   Next: 12%
Magic:  15/15      EV:  9    Int: 20    God:    Qazlal [*****.]
Gold:   766        SH:  6    Dex:  5    Spells: 8/13 levels left

rFire   + . .      SeeInvis .      - Unarmed
rCold   . . .      Faith    .    (no shield)
rNeg    . . .      Spirit   .    G - +0 troll leather armour
rPois   .          Reflect  .    f - +2 hat of the Moneychanger {Harm rF+ Will+ Int+7}
rElec   .          Harm     +    r - +2 cloak
rCorr   .          Rampage  .    (gloves unavailable)
Will    +....      NoTele   +    (boots unavailable)
Stlth   +.........               p - amulet of regeneration
HPRegen 2.81/turn                g - ring of wizardry
MPRegen 0.14/turn                (no ring)

@: lethally poisoned (-10 -> -11), protected from physical damage, hasted
(expiring), studying Throwing, repel missiles, very quick
A: large, unfitting armour, claws 3, regeneration 1, shaggy fur 1, tough skin 1,
[clumsy 2], [deformed body], [weak 2]
a: Renounce Religion, Upheaval, Elemental Force, Disaster Area


You were in a Gauntlet.
You worshipped Qazlal.
Qazlal was extremely pleased with you.
You visited 1 branch of the dungeon, and saw 11 of its levels.
You also visited: Gauntlet.

You collected 894 gold pieces.
You spent 128 gold pieces at shops.

Inventory:

Missiles
 E - 4 javelins
 F - 3 large rocks (quivered)
Armour
 c - a scarf of invisibility
 f - the +2 hat of the Moneychanger (worn) {Harm rF+ Will+ Int+7}
   (You found it in a Gauntlet)

   Int:       It affects your intelligence (+7).
   rF:        It protects you from fire.
   Harm:      It increases damage dealt and taken.
   Will:      It increases your willpower.
 l - a +2 hat
 r - a +2 cloak (worn)
 G - a +0 troll leather armour (worn)
Jewellery
 g - a ring of wizardry (left claw)
 p - an amulet of regeneration (around neck)
 s - a ring of ice
Wands
 m - a wand of flame (31)
 x - a wand of polymorph (5)
 y - a wand of quicksilver (3)
 z - a wand of iceblast (5)
Scrolls
 a - 2 scrolls of fear
 b - 2 scrolls of blinking
 d - a scroll of butterflies
 e - a scroll of enchant armour
 j - 3 scrolls of teleportation
 k - 2 scrolls of poison
 C - a scroll of identify
Potions
 h - a potion of mutation
 o - a potion of magic
 t - 2 potions of curing
 u - 3 potions of brilliance
 w - 2 potions of degeneration
 A - 2 potions of lignification {unknown}
 D - 2 potions of cancellation
Miscellaneous
 v - a tin of tremorstones (inert)


   Skills:
 + Level 10.8 Fighting
 - Level 0.8 Throwing
 - Level 1.9 Dodging
 * Level 14.2 Unarmed Combat
 - Level 1.2 Spellcasting
 - Level 2.1 Translocations
 + Level 5.8 Invocations


You had 8 spell levels left.
You knew the following spells:

 Your Spells              Type           Power      Damage    Failure   Level
a - Blink                 Tloc           20%        N/A       4%          2
b - Teleport Other        Tloc           10%        N/A       10%         3

Your spell library contained the following spells:

 Spells                   Type           Power      Damage    Failure   Level
 Foxfire                  Conj/Fire      4%         2x1d4     9%          1
 Lesser Beckoning         Tloc           20%        N/A       10%         3
 Static Discharge         Conj/Air       2%         2-3/arc   12%         2
 Vhi's Electric Charge    Tloc/Air       10%        N/A       16%         3
 Hailstorm                Conj/Ice       1%         3d3       24%         3
 Manifold Assault         Tloc           10%        N/A       32%         4
 Ice Form                 Ice/Tmut       1%         N/A       58%         4
 Arcjolt                  Conj/Air       0%         1d10      89%         5
 Fireball                 Conj/Fire      0%         3d3       89%         5
 Lightning Bolt           Conj/Air       0%         1d11      89%         5
 Conjure Ball Lightning   Conj/Air       0%         3x3d6     100%        6
 Simulacrum               Ice/Necr       0%         N/A       100%        6
 Starburst                Conj/Fire      0%         6d3       100%        6
 Discord                  Hex            0%         N/A       100%        8
 Disjunction              Tloc           5%         N/A       100%        8


Dungeon Overview and Level Annotations

Branches:
Dungeon (11/15)            Temple (0/1) D:7            Lair (0/5) D:11
    Orc (0/2) D:9         Gauntlet (1/1)

Altars:
Dithmenos
Hepliaklqana
Kikubaaqudgha
Okawaru
Qazlal
Zin
Jiyva

Shops:
D:2 :   D:6 :   D:7 !   D:9 *[(   D:10 (

Annotations:
D:6 2 runed translucent doors, crasatator's ghost, novice FoFi
D:8 3 runed translucent doors, Sapher's ghost, novice DEEE
D:9 3 runed translucent doors
D:11 2 transporters Gauntlet 8 transporters


Innate Abilities, Weirdness & Mutations

You are too large for most types of armour.
You have claws for hands.
Your natural rate of healing is unusually fast.
You are covered in fur. (AC +1)
You have tough skin. (AC +1)
[You are very clumsy. (Dex -4)]
[Armour fits poorly on your strangely shaped body.]
[You are very weak. (Str -4)]


Message History

The minotaur gores you!
You feel more protected from physical attacks.
You closely miss the minotaur.
The minotaur is heavily wounded.
You feel very sick.
You claw the minotaur!
The minotaur is severely wounded.
You feel very sick.
The minotaur hits you with a +0 glaive of venom!!!
The minotaur gores you.
You feel more protected from physical attacks.
You scratch the minotaur but do no damage.
The minotaur is severely wounded.
You feel sick.
You feel much better.
You feel very sick.
The minotaur hits you with a +0 glaive of venom!
You are more poisoned.
The minotaur gores you!
* * * LOW HITPOINT WARNING * * *
You feel more protected from physical attacks.
You feel much better.
You feel extremely sick. The minotaur barely misses you.
The minotaur gores you.
You feel better.
You barely miss the minotaur.
The minotaur is severely wounded.
The minotaur hits you with a +0 glaive of venom!!
* * * LOW HITPOINT WARNING * * *
You are poisoned.
The minotaur closely misses you.
You scratch the minotaur but do no damage.
The minotaur is heavily wounded.
You feel sick.
You barely miss the minotaur. Your claw misses the minotaur.
The minotaur is heavily wounded.
Your extra speed is starting to run out.
You feel sick.
The minotaur hits you with a +0 glaive of venom!!
You die...

#.#..#..#.#..#####
#.#.©#..#.#..#§8§#
#..#####.©#..#§§.##
#.#..#..#.#..#§8...
#.#..#..#.#..#...##
##
#..##.##..#..#.8.##..
#.........#..#..§..
###########..#°..##
............≈#.©@##
...........§§#.§§H..#
...........§≈#.©.##.#
###########..#...##
..
#b.....#.t#..#.....
#.#
#.....#...#..#.8.## .
##....#...#..#...##
#.##©#...(#..#.8...
#.. ###..©#..#...##


You could see a minotaur and a fire crab.

Vanquished Creatures
  Gastronok (D:8)
  Erica (D:8)
  3 two-headed ogres
  A hell hog (Gauntlet)
  A wretched star (Gauntlet)
  Pikel (D:4)
  A deep elf pyromancer (D:7)
  2 ugly things
  An oklob plant (D:11)
  A cyclops (D:11)
  A gargoyle (D:11)
  2 komodo dragons (D:10)
  2 trolls
  A shadow (D:10)
  7 yaks
  2 wraiths
  3 wyverns
  2 fire bats (Gauntlet)
  A basilisk (D:11)
  A steam dragon (D:10)
  2 neqoxecs (Gauntlet)
  Menkaure (D:5)
  A small abomination (Gauntlet)
  9 orc warriors
  3 hell hounds (Gauntlet)
  A sky beast (D:6)
  An ice beast (D:8)
  A black bear (D:8)
  3 ogres
  A centaur (D:9)
  2 phantoms
  A lemure (D:4)
  2 kobold brigands
  Blork the orc (D:5)
  10 bullfrogs
  A necrophage (D:7)
  6 gnoll sergeants
  5 scorpions
  4 wights
  4 killer bees (D:9)
  4 electric eels
  4 howler monkeys
  4 hounds
  9 orc priests
  Jessica (D:3)
  Terence (D:3)
  4 iguanas
  Natasha (thrice) (D:3)
  9 orc wizards
  6 adders
  40 gnolls
  A shadow imp (D:7)
  A white imp (D:8)
  3 ufetubi (D:6)
  A dart slug (D:2)
  61 orcs
  10 endoplasms
  5 giant cockroaches
  9 goblins
  6 hobgoblins
  7 quokkas
  9 ball pythons
  10 bats
  5 frilled lizards
  12 kobolds
  4 rats
323 creatures vanquished.

Vanquished Creatures (others)
  14 demonic plants (Gauntlet)
  5 toadstools (D:1)
19 creatures vanquished.

Grand Total: 342 creatures vanquished

Notes
Turn   | Place    | Note
-------+----------+-------------------------------------------
     0 | D:1      | tsouns the Troll Warper began the quest for the Orb.
     0 | D:1      | Reached XP level 1. HP: 19/19 MP: 1/1
   161 | D:1      | Reached XP level 2. HP: 23/28 MP: 2/2
   456 | D:1      | Reached XP level 3. HP: 35/35 MP: 3/3
   856 | D:2      | Reached skill level 3 in Unarmed Combat
   917 | D:2      | Found Pasmenneaq's Book Emporium.
  1666 | D:3      | Identified the +1 ring mail of Somewhere Else {SInv}
  1670 | D:3      | Reached XP level 4. HP: 44/44 MP: 4/4
  1707 | D:3      | Noticed Jessica
  1714 | D:3      | Killed Jessica
  1861 | D:3      | Noticed Terence
  1862 | D:3      | Noticed Natasha
  1880 | D:3      | Killed Terence
  1889 | D:3      | Killed Natasha
  1890 | D:3      | Reached skill level 4 in Unarmed Combat
  1890 | D:3      | Reached XP level 5. HP: 32/53 MP: 5/5
  2008 | D:3      | Noticed Natasha
  2013 | D:3      | Killed Natasha
  2040 | D:3      | Noticed Natasha
  2050 | D:3      | Killed Natasha
  2764 | D:4      | Noticed a lemure
  2764 | D:4      | Noticed a lemure
  2765 | D:4      | Noticed a lemure
  2767 | D:4      | Noticed Pikel
  2833 | D:4      | Noticed a lemure
  2839 | D:3      | Reached XP level 6. HP: 52/62 MP: 6/6
  2915 | D:4      | Reached skill level 5 in Unarmed Combat
  3019 | D:4      | Killed Pikel
  3020 | D:4      | Reached skill level 5 in Fighting
  3020 | D:4      | Reached skill level 6 in Unarmed Combat
  3020 | D:4      | Reached XP level 7. HP: 72/72 MP: 7/7
  3117 | D:4      | Reached XP level 8. HP: 72/83 MP: 8/8
  3178 | D:4      | Reached skill level 7 in Unarmed Combat
  3428 | D:4      | Found a stormy altar of Qazlal.
  3428 | D:4      | Found a hazy altar of Hepliaklqana.
  3545 | D:4      | Became a worshipper of Qazlal Stormbringer
  3571 | D:5      | Entered Level 5 of the Dungeon
  3723 | D:5      | Found an ancient bone altar of Kikubaaqudgha.
  3916 | D:5      | Reached skill level 8 in Unarmed Combat
  3945 | D:5      | Noticed Menkaure
  3951 | D:5      | Killed Menkaure
  4211 | D:5      | Noticed Blork the orc
  4219 | D:5      | Killed Blork the orc
  4440 | D:6      | Reached XP level 9. HP: 62/93 MP: 9/9
  4443 | D:6      | Learned a level 2 spell: Blink
  4454 | D:6      | Learned a level 3 spell: Teleport Other
  4611 | D:6      | Reached * piety under Qazlal
  4645 | D:6      | You fall into a shaft and drop 2 floors!
  4715 | D:7      | Reached skill level 9 in Unarmed Combat
  5015 | D:6      | Found a large runed translucent door.
  5016 | D:6      | Found a large runed translucent door.
  5019 | D:6      | Noticed crasatator's ghost (novice FoFi)
  5031 | D:6      | Found a glowing silver altar of Zin.
  5061 | D:6      | Found Tafuzast's Book Shoppe.
  5614 | D:7      | Reached ** piety under Qazlal
  5684 | D:7      | Noticed a deep elf pyromancer
  5708 | D:7      | Reached skill level 10 in Unarmed Combat
  5859 | D:7      | Found a staircase to the Ecumenical Temple.
  6032 | D:7      | Noticed a two-headed ogre
  6047 | D:7      | Killed a two-headed ogre
  6048 | D:7      | Reached XP level 10. HP: 70/106 MP: 10/10
  6249 | D:7      | Found Toppum's Distillery.
  6254 | D:7      | Bought a potion of curing for 48 gold pieces
  6254 | D:7      | Bought a potion of heal wounds for 80 gold pieces
  6281 | D:7      | Noticed a red ugly thing
  6288 | D:7      | Killed a red ugly thing
  6334 | D:7      | Killed a deep elf pyromancer
  6335 | D:7      | Reached skill level 11 in Unarmed Combat
  6452 | D:8      | Noticed Gastronok
  6507 | D:8      | Killed Gastronok
  6639 | D:8      | Reached skill level 12 in Unarmed Combat
  6806 | D:8      | Noticed Erica
  6815 | D:8      | Killed Erica
  6816 | D:8      | Reached XP level 11. HP: 94/117 MP: 12/12
  7155 | D:8      | Found a runed translucent gate.
  7156 | D:8      | Found a runed translucent gate.
  7157 | D:8      | Found a runed translucent gate.
  7165 | D:8      | Noticed Sapher's ghost (novice DEEE)
  7248 | D:8      | Found a viscous altar of Jiyva.
  7384 | D:9      | Found Casche's Weapon Boutique.
  7384 | D:9      | Found a staircase to the Orcish Mines.
  7391 | D:9      | Reached *** piety under Qazlal
  7488 | D:9      | Found Fekoocue's Armour Boutique.
  7622 | D:9      | Reached skill level 10 in Fighting
  7738 | D:9      | Found a runed translucent gate.
  7741 | D:9      | Found a runed translucent gate.
  7741 | D:9      | Found a runed translucent gate.
  7741 | D:9      | Noticed a cyan ugly thing
  7741 | D:9      | Noticed a green ugly thing
  7743 | D:9      | Noticed a purple ugly thing
  7744 | D:9      | Noticed a green ugly thing
  7745 | D:9      | Noticed a glowing orange brain
  7819 | D:9      | Found an iron altar of Okawaru.
  7862 | D:9      | Reached **** piety under Qazlal
  8143 | D:9      | Found Gaban's CLEARANCE SALE!.
  8321 | D:10     | Entered Level 10 of the Dungeon
  8529 | D:10     | Reached skill level 13 in Unarmed Combat
  8764 | D:10     | Found a shadowy altar of Dithmenos.
  8890 | D:10     | Noticed Urug
  8895 | D:10     | Urug changed into Urug the entropy weaver
  8895 | D:10     | Noticed Urug
  8933 | D:10     | Urug the entropy weaver changed into Urug the steam dragon
  8933 | D:10     | Noticed Urug
  8948 | D:10     | Killed Urug the steam dragon
  8957 | D:10     | Found Hyisut's Antique Weapon Shoppe.
  9187 | D:11     | Noticed a two-headed ogre
  9195 | D:11     | Killed a two-headed ogre
  9209 | D:11     | Found a transporter.
  9230 | D:11     | Found a transporter.
  9233 | D:11     | Noticed a purple ugly thing
  9238 | D:11     | Killed a purple ugly thing
  9255 | D:11     | Noticed a two-headed ogre
  9261 | D:11     | Killed a two-headed ogre
  9262 | D:11     | Reached skill level 5 in Invocations
  9337 | D:11     | Found a staircase to the Lair.
  9353 | D:11     | Noticed an oklob plant
  9360 | D:11     | Killed an oklob plant
  9378 | D:11     | Reached ***** piety under Qazlal
  9404 | D:11     | Found a gate leading to a gauntlet.
  9413 | Gauntlet | Entered a Gauntlet
  9413 | Gauntlet | Found a transporter.
  9413 | Gauntlet | Found a transporter.
  9422 | Gauntlet | Found a transporter.
  9434 | Gauntlet | Found a transporter.
  9444 | Gauntlet | Noticed a soul eater
  9448 | Gauntlet | Found a transporter.
  9452 | Gauntlet | Noticed a sixfirhy
  9458 | Gauntlet | Found a transporter.
  9473 | Gauntlet | Found a transporter.
  9475 | Gauntlet | Noticed a fire crab
  9479 | Gauntlet | Found a transporter.
  9489 | Gauntlet | Noticed a wretched star
  9493 | Gauntlet | Found a transporter.
  9511 | Gauntlet | Found a transporter.
  9515 | Gauntlet | Found a transporter.
  9518 | Gauntlet | Noticed a hell hog
  9556 | Gauntlet | Found a transporter.
  9589 | Gauntlet | Killed a hell hog
  9590 | Gauntlet | Reached skill level 14 in Unarmed Combat
  9590 | Gauntlet | Reached XP level 12. HP: 85/128 MP: 15/15
  9620 | Gauntlet | Identified the +2 helmet of Space {rPois}
  9655 | Gauntlet | Identified the +2 hat of the Moneychanger {Harm rF+ Will+
                  | Int+7}
  9675 | Gauntlet | Noticed a minotaur
  9691 | Gauntlet | Mangled by a minotaur

Illustrated notes

Levels and vault maps discovered:
D:1:      ldierk_walled_garden, layout_loops_ring, hangedman_decor_push,
          kennysheep_doodads, grunt_decor_clamped
D:2:      layout_basic, serial_shops, shop, minmay_misc_feat_secret_circle
D:3:      layout_basic, kennysheep_generic_room_12, uniq_jessica, uniq_natasha,
          uniq_terence
D:4:      layout_rooms, gammafunk_temple_overflow_elements, uniq_pikel
D:5:      layout_loops_ring, kiku_gazebo_pond_becter, minmay_manual_monstrance,
          uniq_menkaure, uniq_blork_the_orc
D:6:      layout_basic, overflow_temple_1_default, ebering_ghost_disaster_area,
          serial_shops, nicolae_shop_crystal
D:7:      nzn_winding_woodlands_three_and_one [nzn_winding_woodlands_5x15_pool,
          nzn_winding_woodlands_5x15_sidewinder,
          nzn_winding_woodlands_5x15_river_crossing,
          nzn_winding_woodlands_center_triple_pond], layout_cave_pools,
          minmay_temple_entry_water_ring, serial_shops,
          nicolae_shop_advertising_works [nicolae_subvault_shop_adworks]
D:8:      layout_basic, gammafunk_ghost_ooze, nrook_uturn, kennysheep_donut,
          kennysheep_nub, kennysheep_crisscross, uniq_gastronok, uniq_erica
D:9:      layout_roguey [special_room_orc], mainiacjoe_overflow_surrounded_room,
          orc_david_3, ploomutoo_gammafunk_ghost_potion_laboratory,
          nicolae_shop_clearance
D:10:     layout_loops_ring, nicolae_dithmenos_through_a_glass_darkly,
          serial_shops, nicolae_inconvenience_store, uniq_urug
D:11:     gammafunk_worm_tunnel, layout_grid_maze, dpeg_oklobed_lair,
          gauntlet_entry_generic, minivault_25_ag, minmay_liquid_box
Gauntlet: gammafunk_gauntlet_shortcut [gammafunk_gauntlet_arena_arrow_garden,
          nicolae_gauntlet_arena_quarters, nicolae_gauntlet_arena_x,
          nicolae_gauntlet_arena_blocks, gammafunk_gauntlet_arena_split_diamond,
          nicolae_gauntlet_swirl, gauntlet_exit_green]

Skill      XL: |  1  2  3  4  5  6  7  8  9 10 11 |
---------------+----------------------------------+-----
Fighting       | 2 3 5 7 8 9 10 | 10.8
Unarmed Combat | 3 4 6 8 10 12 14 | 14.2
Invocations    | 3 5 |  5.8
Throwing       | |  0.8
Dodging        | |  1.9
Spellcasting   | |  1.2
Translocations | |  2.1

Action                   |  1- 3 |  4- 6 |  7- 9 | 10-12 || total
-------------------------+-------+-------+-------+-------++-------
Melee: Unarmed           |   113 |   165 |   355 |   402 ||  1035
       Punch             |       |     4 |    15 |    25 ||    44
Throw: Javelin           |       |       |       |     4 ||     4
       Boomerang         |       |       |       |     1 ||     1
Evoke: Wand              |       |       |     3 |     8 ||    11
       Tin of tremorston |       |       |       |     2 ||     2
  Use: Scroll            |       |       |    18 |     5 ||    23
       Potion            |       |       |     4 |     9 ||    13
 Stab: Sleeping          |     1 |     1 |       |       ||     2
       Invisible         |       |       |     1 |       ||     1
Armor: Robe              |    33 |    41 |   129 |   107 ||   310
       Skin              |       |    41 |     2 |       ||    43
       Troll leather arm |       |       |       |    11 ||    11
Dodge: Dodged            |    65 |    87 |   163 |   156 ||   471
       Repelled          |       |       |       |     3 ||     3
Block: Other             |       |       |     4 |    57 ||    61

Table legend: (Time is in decaauts)
 A = Elapsed time spent in this place.
 B = Non-inter-level travel time spent in this place.
 C = Inter-level travel time spent in this place.
 D = Time resting spent in this place.
 E = Time spent auto-exploring this place.
 F = Levels seen in this place.
 G = Mean time per level.
                   A        B        C        D        E       F      G
               +--------+--------+--------+--------+--------+-----+--------+
         Total |   9528 |   9131 |    397 |      8 |   6959 |  12 |  794.0 |
       Dungeon |   9297 |   8900 |    397 |      8 |   6829 |  11 |  845.2 |
      Gauntlet |    231 |    231 |      0 |      0 |    130 |   1 |  231.0 |
               +--------+--------+--------+--------+--------+-----+--------+

Top non-repeatable levels by time:
     D:3: 1312 daAuts
     D:6: 1012 daAuts
     D:9: 942 daAuts
     D:8: 932 daAuts
     D:7: 913 daAuts
     D:5: 880 daAuts
    D:10: 807 daAuts
     D:1: 797 daAuts
     D:2: 774 daAuts
     D:4: 658 daAuts
    D:11: 264 daAuts
Gauntlet: 231 daAuts
